Map: Pylon LE

Players

VeryAngry - Winner!

  • Race: Terran Terran
  • League: Platinum
  • Spawn Location: 5:00

ManlyManMeat

  • Race: Zerg Zerg
  • League: Master
  • Spawn Location: 11:00

VOD

Have the link to the VOD?

Description

Time

  • Played on: June 18, 2025, 9:26 a.m.
  • Length: 15:17
Show
View Real Time Build Order
Export as new Build Order

VeryAngry Terran - Winner!

Build Orders: Reaper Expand, Banshee Rush 

Get SALT Encoding   

  12  0:00  SCV  
  13  0:12  SCV  
  14  0:17  Supply Depot  
  14  0:25  SCV  
  15  0:39  SCV  
  15  0:40  Barracks  
  16  0:44  Refinery  
  16  0:51  SCV  
  17  1:03  SCV  
  18  1:15  SCV  
  19  1:28  Orbital Command, Reaper  
  20  1:46  Command Center  
  20  1:54  SCV  
  21  2:01  Marine  
  21  2:02  Supply Depot  
  21  2:06  SCV  
  23  2:12  Factory  
  23  2:23  SCV  
  23  2:24  Barracks Reactor  
  24  2:31  Refinery  
  24  2:35  SCV  
  25  2:48  SCV  
  26  2:59  Orbital Command, Starport  
  26  3:00  SCV  
  27  3:08  Hellion x2, Barracks Tech Lab  
  27  3:12  SCV  
  32  3:24  SCV  
  33  3:30  Hellion  
  33  3:31  Hellion  
  33  3:32  Supply Depot  
  33  3:33  SCV  
  38  3:36  SCV  
  39  3:45  SCV  
  39  3:48  SCV  
  41  3:52  Cloaking Field, Viking  
  43  3:57  Supply Depot, SCV  
  43  4:00  SCV  
  45  4:09  SCV  
  46  4:12  SCV  
  47  4:21  SCV  
  48  4:24  SCV  
  48  4:25  Banshee, Barracks Tech Lab  
  48  4:26  Command Center  
  48  4:28  Supply Depot  
  52  4:33  SCV  
  52  4:36  SCV  
  54  4:41  Barracks  
  54  4:42  Barracks  
  54  4:43  Factory Reactor  
  54  4:45  Marine  
  54  4:46  SCV  
  54  4:49  SCV  
  42  4:52  Stimpack  
  57  4:58  SCV  
  58  5:01  SCV  
  59  5:10  Banshee, SCV  
  59  5:13  SCV  
  64  5:22  SCV  
  64  5:25  SCV  
  66  5:32  Refinery x2  
  66  5:34  Engineering Bay x2, SCV  
  66  5:35  Factory Tech Lab  
  67  5:37  SCV  
  67  5:38  Barracks  
  67  5:39  Barracks  
  68  5:43  Orbital Command  
  68  5:46  SCV  
  68  5:49  SCV  
  70  5:53  Marine x2  
  72  5:57  Factory  
  72  5:58  SCV  
  72  6:01  SCV  
  72  6:03  Terran Infantry Armor Level 1, Starport Reactor, Terran Infantry Weapons Level 1  
  74  6:05  Marine x3  
  74  6:07  Orbital Command  
  74  6:10  SCV  
  78  6:13  SCV  
  78  6:16  Supply Depot  
  78  6:17  Marine x2  
  81  6:19  Supply Depot  
  81  6:22  SCV  
  81  6:24  Marine x2  
  84  6:25  SCV  
  84  6:32  Combat Shield, Barracks Reactor  
  85  6:34  Barracks Reactor  
  85  6:38  Marine x3, SCV x2  
  90  6:45  Marine  
  90  6:46  Marine  
  92  6:47  Medivac x2  
  96  6:55  Marine x2  
  96  6:57  SCV x3  
  101  7:06  Armory  
  101  7:17  Supply Depot  
  101  7:18  Supply Depot x4  
  101  7:21  Marine, SCV, Medivac x2  
  101  7:22  Marauder  
  109  7:28  Refinery x2  
  109  7:32  Barracks x2  
  109  7:34  Barracks  
  109  7:35  Starport  
  109  7:36  Fusion Core  
  109  7:39  Marine x5, SCV x3  
  109  7:40  Command Center, Ghost Academy  
  117  7:51  Concussive Shells, SCV x3  
  120  8:02  Terran Infantry Armor Level 2, Terran Infantry Weapons Level 2  
  120  8:05  Terran Ship Weapons Level 1  
  120  8:09  Missile Turret  
  120  8:10  Missile Turret  
  120  8:16  Missile Turret  
  120  8:18  Missile Turret  
  120  8:19  Marine x3  
  124  8:20  Marauder, Marine x3  
  124  8:21  Bunker, Starport Reactor  
  124  8:22  Personal Cloaking  
  124  8:23  Missile Turret  
  128  8:29  SCV x3  
  131  8:46  Missile Turret  
  131  8:48  Missile Turret, Barracks Tech Lab x3  
  131  8:52  Planetary Fortress  
  131  8:55  Missile Turret x2  
  131  8:56  Missile Turret  
  131  9:18  Refinery x2  
  131  9:22  Ghost x4  
  131  9:23  Advanced Ballistics  
  143  9:25  Marine x7  
  143  9:26  Marine  
  143  9:27  Command Center  
  143  9:29  Command Center  
  151  9:56  Marauder, Marine x2  
  153  10:03  Marine x2  
  153  10:04  Marauder  
  157  10:19  Marauder x2, Marine x3  
  157  10:20  Marauder, Liberator x3  
  161  10:27  SCV x2  
  160  10:31  Medivac  
  160  10:33  Command Center x2  
  154  10:40  Ghost x3  
  163  10:53  Supply Depot x2  
  163  10:54  Supply Depot  
  163  10:55  Supply Depot  
  163  10:56  Engineering Bay  
  163  11:12  Missile Turret  
  163  11:14  Thor, Ghost  
  163  11:15  Thor  
  176  11:50  Sensor Tower  
  176  11:53  Sensor Tower  
  176  11:54  Terran Infantry Armor Level 3, Terran Ship Weapons Level 2, Terran Infantry Weapons Level 3  
  176  11:55  Sensor Tower  
  176  11:56  Hi-Sec Auto Tracking  
  176  12:00  Missile Turret  
  176  12:02  Missile Turret  
  176  12:10  Planetary Fortress  
  176  12:12  Missile Turret, Command Center  
  176  12:16  Missile Turret  
  166  12:54  Refinery, SCV x5  
  166  12:56  Refinery  
  171  13:02  Supply Depot x2  
  171  13:03  Supply Depot  
  171  13:06  SCV x4  
  175  13:19  Thor x2  
  181  13:23  Supply Depot, Liberator x4  
  181  13:24  Nuke, Supply Depot x2  
  181  13:25  Supply Depot  
  199  13:30  Planetary Fortress  
  199  13:33  SCV x2  
  200  13:42  Supply Depot  
  200  13:44  Supply Depot  
  200  13:45  Supply Depot  
  200  13:49  Planetary Fortress  
  200  14:04  Caduceus Reactor  
  200  14:05  Factory x2  
  200  14:07  Missile Turret  
  200  14:11  Missile Turret  
  200  14:12  Missile Turret  
  200  14:15  Armory  
Show
View Real Time Build Order
Export as new Build Order

ManlyManMeat Zerg 

Build Orders: Hatch First 

Get SALT Encoding   

  12  0:00  Drone  
  13  0:12  Overlord  
  13  0:20  Drone  
  14  0:30  Drone x2  
  14  0:34  Drone  
  17  0:53  Hatchery  
  17  0:56  Drone  
  17  1:01  Drone  
  18  1:14  Spawning Pool  
  18  1:16  Extractor  
  18  1:18  Drone  
  17  1:24  Drone  
  18  1:28  Drone  
  19  1:38  Drone  
  19  2:10  Queen  
  19  2:11  Queen  
  19  2:12  Overlord  
  19  2:14  Zergling x4  
  19  2:15  Zergling x2  
  26  2:28  Drone x2  
  27  2:43  Drone  
  27  2:44  Drone x2  
  30  2:53  Queen  
  31  3:00  Drone x4  
  35  3:24  Hatchery  
  34  3:28  Drone x2  
  34  3:29  Overlord  
  36  3:42  Overlord  
  36  3:44  Metabolic Boost  
  36  3:46  Lair  
  36  3:47  Drone x2  
  36  3:48  Drone  
  39  3:53  Zergling x4  
  40  4:02  Zergling x2  
  41  4:03  Zergling x6  
  41  4:05  Drone  
  41  4:06  Drone x2  
  47  4:22  Baneling Nest, Drone x2  
  47  4:23  Drone x2  
  48  4:33  Drone x2  
  48  4:38  Overlord  
  50  4:44  Overlord x2  
  50  4:45  Overlord  
  50  4:58  Queen  
  45  5:08  Zergling x10  
  49  5:15  Drone x5  
  49  5:16  Drone x2  
  53  5:29  Drone x2  
  53  5:35  Queen  
  55  5:37  Queen  
  59  5:43  Drone x6  
  59  5:46  Centrifugal Hooks  
  65  5:51  Drone, Evolution Chamber  
  65  5:52  Evolution Chamber, Extractor  
  65  5:56  Spore Crawler  
  62  5:58  Spore Crawler  
  62  5:59  Drone  
  62  6:04  Overseer  
  62  6:05  Zergling x2  
  62  6:06  Zergling x2  
  63  6:14  Queen  
  63  6:15  Queen  
  58  6:43  Drone  
  58  6:44  Drone x6  
  62  6:51  Queen  
  57  7:05  Queen  
  59  7:09  Spore Crawler  
  59  7:10  Drone x5  
  59  7:11  Spore Crawler  
  62  7:15  Zerg Melee Weapons Level 1  
  62  7:16  Hatchery, Zerg Ground Armor Level 1  
  62  7:19  Hatchery  
  62  7:22  Drone x2  
  62  7:23  Drone x3  
  65  7:35  Zergling x6, Extractor  
  67  7:50  Zergling x4  
  69  7:52  Overlord  
  69  8:00  Overlord x2  
  69  8:01  Zergling x6  
  69  8:02  Zergling x2  
  73  8:18  Zergling x6  
  76  8:33  Zergling x12  
  76  8:34  Zergling x8  
  86  8:46  Zergling x8  
  90  8:55  Zergling x8  
  94  9:10  Zergling x12  
  94  9:11  Zergling x16  
  94  9:16  Zerg Melee Weapons Level 2, Zerg Ground Armor Level 2  
  108  9:17  Zergling x2  
  108  9:19  Baneling x8  
  108  9:20  Baneling  
  109  9:24  Zergling x2  
  109  9:25  Overlord x2  
  109  9:26  Overlord  
  108  9:53  Zergling x18  
  108  9:54  Zergling x24, Overlord  
  126  10:09  Zergling x8  
  113  10:17  Zergling x8  
  77  10:21  Queen x4  
  83  10:29  Zergling x8  
  86  10:40  Baneling  
  86  10:41  Baneling x10  
  86  10:51  Zergling x20  
  86  10:52  Zergling x6  
  99  10:57  Queen x3  
  105  11:06  Zergling x16  
  112  11:27  Zergling x22  
  121  11:33  Zergling x12  
  121  11:35  Hatchery  
  126  11:44  Baneling x5  
  126  11:46  Hatchery  
  125  12:05  Baneling x2  
  125  12:12  Extractor  
  125  12:13  Drone x6, Extractor  
  125  12:14  Drone  
  107  12:36  Zergling x4  
  107  12:37  Zergling x34  
  101  12:56  Zergling x4  
  101  12:57  Zergling x8  
  107  12:58  Baneling  
  107  12:59  Baneling x8  
  107  13:05  Zergling x6  
  107  13:06  Zergling x2  
  98  13:34  Zergling x2  
  98  13:35  Zergling x36  
  112  13:44  Zergling x10  
  116  14:13  Drone x11  
  127  14:17  Infestation Pit  
  126  14:31  Zergling x12  
  126  14:32  Zergling x8  
  126  14:33  Baneling x2  
  126  14:34  Baneling  
  136  14:40  Spore Crawler  
  135  14:59  Zergling x8  
  126  15:00  Zergling x12  
Tags
 
Add a new tag
Caveats
  • Supply blocks, unpowered buildings, or Contaminate may cause inaccurate times.
  • Supply counts are checked every 10 seconds.